 Dungeon Crawl Stone Soup version 0.21.1-1-g345015f (webtiles) character file.

292 microfolk the Charmwright (level 6, -5/50 HPs)
             Began as a Gnoll Skald on Feb 21, 2018.
             Shot with an arrow by a centaur (6 damage)
             ... on level 5 of the Dungeon.
             The game lasted 00:13:03 (4664 turns).

microfolk the Charmwright (Gnoll Skald)             Turns: 4664, Time: 00:13:04

Health: -5/50      AC:  8    Str: 13    XL:     6   Next: 33%
Magic:  10/14      EV: 14    Int: 18    God:
Gold:   186        SH:  2    Dex: 14    Spells: 2/15 levels left

rFire    + . .     SeeInvis .   a - +0 spear
rCold    + . .     Gourm    .   (no shield)
rNeg     . . .     Faith    .   q - +0 leather armour
rPois    +         Spirit   .   u - +2 helmet
rElec    .         Reflect  +   o - scarf {rC+ rF+}
rCorr    .         Harm     .   r - +1 pair of gloves
MR       .....                  (no boots)
Stlth    ++........             n - +2 amulet of reflection
HPRegen  0.16/turn              G - ring of poison resistance
MPRegen  0.14/turn              (no ring)

@: very slightly contaminated
A: distributed training, fangs 1, strong nose
a: no special abilities


You were on level 5 of the Dungeon.
You were not hungry.

You visited 1 branch of the dungeon, and saw 5 of its levels.
You also visited: Sewer.

You collected 186 gold pieces.

Inventory:

Hand Weapons
 a - a +0 spear (weapon)
 b - a +0 hunting sling
Missiles
 e - 23 sling bullets
 h - 129 stones (quivered)
 I - 6 curare-tipped needles
Armour
 o - a scarf of resistance (worn)
 q - a +0 leather armour (worn)
 r - a +1 pair of gloves (worn)
 u - a +2 helmet (worn)
Jewellery
 n - a +2 amulet of reflection (around neck)
 G - a ring of poison resistance (left hand)
 J - a cursed ring of teleportation {unknown}
Wands
 M - a wand of flame (14)
Scrolls
 g - a scroll of noise {unknown}
 j - 5 scrolls of teleportation
 l - a scroll of amnesia {unknown}
 p - a scroll of blinking
 s - 2 scrolls of magic mapping
 w - 2 scrolls of remove curse
 y - a scroll of immolation {unknown}
 A - a scroll of enchant armour
 D - a scroll of fear
 H - 2 scrolls of fog {unknown}
 O - a scroll of identify
Potions
 i - 3 potions of flight
 k - 4 potions of curing
 m - 2 potions of haste
 t - a potion of heal wounds {unknown}
 v - 3 potions of brilliance
 x - 2 potions of degeneration {unknown}
 z - a potion of mutation {unknown}
 B - a potion of might {unknown}
 C - 2 potions of magic {unknown}
 E - 2 potions of ambrosia {unknown}
 F - a potion of resistance {unknown}
 K - a potion of agility {unknown}
Books
 c - a book of Battle

   Spells                             Type                      Level
   a - Infusion                       Charms                       1
   b - Shroud of Golubria             Charms/Translocation         2
   c - Song of Slaying                Charms                       2
   d - Spectral Weapon                Hexes/Charms                 3
   e - Regeneration                   Charms/Necromancy            3
 L - a book of Maledictions

   Spells                             Type                      Level
   a - Corona                         Hexes                        1
   b - Ensorcelled Hibernation        Hexes/Ice                    2
   c - Confuse                        Hexes                        3
   d - Tukima's Dance                 Hexes                        3
   e - Dazzling Spray                 Conjuration/Hexes            3
 N - a book of Callings

   Spells                             Type                      Level
   a - Summon Small Mammal            Summoning                    1
   b - Call Imp                       Summoning                    2
   c - Call Canine Familiar           Summoning                    3
   d - Summon Guardian Golem          Hexes/Summoning              3
   e - Summon Lightning Spire         Summoning/Air                4
   f - Summon Ice Beast               Ice/Summoning                4
Comestibles
 d - 7 rations
 f - 3 chunks of flesh


   Skills:
 + Level 4.9 Fighting
 + Level 1.8 Short Blades
 + Level 1.8 Long Blades
 + Level 1.8 Axes
 + Level 1.8 Maces & Flails
 + Level 4.9 Polearms
 + Level 1.8 Staves
 + Level 1.8 Slings
 + Level 1.8 Bows
 + Level 1.8 Crossbows
 + Level 1.8 Throwing
 + Level 3.2 Armour
 + Level 4.9 Dodging
 + Level 1.8 Stealth
 + Level 1.8 Shields
 + Level 1.8 Unarmed Combat
 + Level 5.3 Spellcasting
 + Level 1.4 Conjurations
 + Level 1.4 Hexes
 + Level 5.6 Charms
 + Level 1.4 Summonings
 + Level 1.4 Necromancy
 + Level 1.4 Translocations
 + Level 1.4 Transmutations
 + Level 1.4 Fire Magic
 + Level 1.4 Ice Magic
 + Level 1.4 Air Magic
 + Level 1.4 Earth Magic
 + Level 1.4 Poison Magic
 + Level 2.0 Invocations
 + Level 1.8 Evocations


You had 2 spell levels left.
You knew the following spells:

 Your Spells              Type           Power        Failure   Level  Hunger
a - Spectral Weapon       Hex/Chrm       ###.....     11%         3    ##.....
b - Regeneration          Chrm/Necr      ###.......   11%         3    ##.....
c - Summon Lightning Spi  Summ/Air       ##......     65%         4    ####...
d - Infusion              Chrm           ####         1%          1    None
e - Song of Slaying       Chrm           ####....     2%          2    #......


Dungeon Overview and Level Annotations

Branches:
Dungeon (5/15)
 Temple: D:4-7

Altars:
Uskayaw
Xom

Shops:
D:4 }

Annotations:
D:3 exclusion: 2 downstairs
D:4 shakethe's ghost, amateur DsFi


Innate Abilities, Weirdness & Mutations

Your experience applies equally to all skills.
You have very sharp teeth.
Your uncanny sense of smell can sniff out nearby items.


Message History

The centaur hits you.
* * * LOW HITPOINT WARNING * * *
The iguana hisses menacingly.
The iguana bites your spectral weapon!
Your spectral weapon shares its damage with you!
* * * LOW HITPOINT WARNING * * *
The ogre closely misses your spectral weapon.
The centaur hits you but does no damage.
Your surroundings suddenly seem different.
The centaur wields an uncursed shortbow.
The centaur shoots an arrow.
The arrow hits your spectral weapon!
Your spectral weapon shares its damage with you!
Your spectral weapon fades away.
The centaur shoots an arrow.
The arrow barely misses you.
You see here an arrow.
Blink to where?
Press: ? - help, Dir - move target cursor
As you read the scroll of blinking, it crumbles to dust.
The centaur shoots an arrow.
The arrow hits you.
You die...

###.(.# .. #.....# ∆ # # #.#
##....## .#.. .. #.....##
..... #.#######
##......###....# #..#....#
##......c((..#
#......###..........###
##................O..##
##........<.@.....l.(..#
#......................##
#.......................#
##........>........§....#
#####.....................#
.........................).#
............###............#
#########.### ##..>.......##
###..## #..........#


You could see an ogre, a centaur and an iguana.

Vanquished Creatures
  A hound (D:4)
  4 gnolls (D:2)
  5 adders
  4 river rats (Sewer)
  2 oozes
  An adder skeleton (D:4)
  4 worms (D:3)
  3 dart slugs
  3 leopard geckos
  7 orcs
  4 giant cockroaches
  14 goblins
  7 hobgoblins
  4 quokkas (D:2)
  5 ball pythons
  11 bats
  13 frilled lizards
  10 kobolds
  16 rats
  A plant (D:2)
119 creatures vanquished.

Vanquished Creatures (others)
  2 spectral weapons
2 creatures vanquished.

Grand Total: 121 creatures vanquished

Notes
Turn   | Place    | Note
-------+----------+-------------------------------------------
     0 | D:1      | microfolk the Gnoll Skald began the quest for the Orb.
     0 | D:1      | Reached XP level 1. HP: 20/20 MP: 6/6
   140 | D:1      | Reached XP level 2. HP: 26/26 MP: 7/7
   147 | D:1      | Learned a level 2 spell: Song of Slaying
   376 | D:1      | You fall through a shaft!
   415 | D:1      | Reached XP level 3. HP: 31/31 MP: 9/9
   424 | D:1      | Learned a level 3 spell: Regeneration
   428 | D:1      | Learned a level 3 spell: Spectral Weapon
   456 | D:1      | Reached skill level 5 in Spellcasting
   853 | D:2      | Reached skill level 1 in Invocations
   987 | D:2      | Reached skill level 1 in Short Blades
   987 | D:2      | Reached skill level 1 in Long Blades
   987 | D:2      | Reached skill level 1 in Axes
   987 | D:2      | Reached skill level 1 in Maces & Flails
   987 | D:2      | Reached skill level 1 in Staves
   987 | D:2      | Reached skill level 1 in Slings
   987 | D:2      | Reached skill level 1 in Bows
   987 | D:2      | Reached skill level 1 in Crossbows
   987 | D:2      | Reached skill level 1 in Throwing
   987 | D:2      | Reached skill level 1 in Stealth
   987 | D:2      | Reached skill level 1 in Shields
   987 | D:2      | Reached skill level 1 in Unarmed Combat
   987 | D:2      | Reached skill level 1 in Evocations
   987 | D:2      | Reached XP level 4. HP: 38/38 MP: 3/11
  1701 | D:2      | Reached skill level 1 in Conjurations
  1701 | D:2      | Reached skill level 1 in Hexes
  1701 | D:2      | Reached skill level 1 in Summonings
  1701 | D:2      | Reached skill level 1 in Necromancy
  1701 | D:2      | Reached skill level 1 in Translocations
  1701 | D:2      | Reached skill level 1 in Transmutations
  1701 | D:2      | Reached skill level 1 in Fire Magic
  1701 | D:2      | Reached skill level 1 in Ice Magic
  1701 | D:2      | Reached skill level 1 in Air Magic
  1701 | D:2      | Reached skill level 1 in Earth Magic
  1701 | D:2      | Reached skill level 1 in Poison Magic
  2179 | D:3      | Found a glowing drain.
  2219 | Sewer    | Entered a sewer
  2243 | Sewer    | Reached XP level 5. HP: 43/43 MP: 7/12
  3162 | D:3      | Reached XP level 6. HP: 50/50 MP: 13/13
  4085 | D:4      | Found a hide-covered altar of Uskayaw.
  4087 | D:4      | Found a shimmering altar of Xom.
  4173 | D:4      | Found Qoatack's Gadget Shoppe.
  4242 | D:4      | Noticed shakethe's ghost (amateur DsFi)
  4591 | D:5      | Entered Level 5 of the Dungeon
  4629 | D:5      | Learned a level 4 spell: Summon Lightning Spire
  4660 | D:5      | HP: 1/50 [iguana (3)]
  4664 | D:5      | Shot with an arrow by a centaur

Skill      XL: |  1  2  3  4  5  6 |
---------------+-------------------+-----
Spellcasting   | 5 |  5.3
Invocations    | 1 2 |  2.0
Short Blades   | 1 |  1.8
Long Blades    | 1 |  1.8
Axes           | 1 |  1.8
Maces & Flails | 1 |  1.8
Staves         | 1 |  1.8
Slings         | 1 |  1.8
Bows           | 1 |  1.8
Crossbows      | 1 |  1.8
Throwing       | 1 |  1.8
Stealth        | 1 |  1.8
Shields        | 1 |  1.8
Unarmed Combat | 1 |  1.8
Evocations     | 1 |  1.8
Conjurations   | 1 |  1.4
Hexes          | 1 |  1.4
Summonings     | 1 |  1.4
Necromancy     | 1 |  1.4
Translocations | 1 |  1.4
Transmutations | 1 |  1.4
Fire Magic     | 1 |  1.4
Ice Magic      | 1 |  1.4
Air Magic      | 1 |  1.4
Earth Magic    | 1 |  1.4
Poison Magic   | 1 |  1.4
Armour         | 3 |  3.2
Fighting       | |  4.9
Polearms       | |  4.9
Dodging        | |  4.9
Charms         | |  5.6

Action                   |  1- 3 |  4- 6 || total
-------------------------+-------+-------++-------
Melee: Spear             |   126 |   428 ||   554
       Bite              |    15 |    48 ||    63
       Punch             |       |     2 ||     2
 Fire: Hunting sling     |       |    90 ||    90
Throw: Stone             |     6 |    22 ||    28
 Cast: Infusion          |     1 |       ||     1
       Spectral Weapon   |     1 |    10 ||    11
       Regeneration      |     1 |     7 ||     8
  Use: Scroll            |     2 |    10 ||    12
 Stab: Sleeping          |     1 |     6 ||     7
  Eat: Chunk             |       |    14 ||    14
Armor: Leather armour    |    15 |    60 ||    75
Dodge: Dodged            |    48 |   147 ||   195
Block: Other             |       |     4 ||     4
